 Dungeon Crawl Stone Soup version 0.32-a0-473-gd044c6f0f0 (webtiles) character file.

Game seed: 1201252741871698232

29 Esekla the Sneak (level 3, -4/26 HPs)
             Began as an Octopode Delver on Feb 25, 2024.
             Splashed by a jelly's acid (9 damage)
             ... on level 5 of the Dungeon.
             The game lasted 00:01:54 (79 turns).

Esekla the Sneak (Octopode Delver)                    Turns: 79, Time: 00:01:55

Health: -4/26      AC: -3    Str: 11    XL:     3   Next: 16%
Magic:  3/3        EV: 13    Int: 14    God:
Gold:   7          SH:  0    Dex: 13    Spells: 2/2 levels left

rFire   . . .        a - +0 falchion
rCold   . . .        (no shield)
rNeg    . . .        (helmet restricted)
rPois   .            (no amulet)
rElec   .            (no ring)
rCorr   .            (no ring)
SInv    .            (no ring)
Will    .....        (no ring)
Stlth   +++++        (no ring)
HPRegen 0.24/turn    (no ring)
MPRegen 0.08/turn    (no ring)
                     (no ring)

%: no passive effects
@: corroded, hasted, very quick
A: almost no armour, amphibious, 8 rings, camouflage 1, gelatinous body 1,
(nimble swimmer 1), tentacles
a: no special abilities


You were on level 5 of the Dungeon.
You visited 1 branch of the dungeon, and saw 1 of its levels.

You collected 7 gold pieces.

Inventory:

Hand Weapons
 a - a +0 falchion (weapon)
Wands
 f - a wand of digging (3)
Scrolls
 b - a scroll of fog
 g - a scroll of vulnerability {unknown}


   Skills:
 * Level 3.2 Fighting
 + Level 2.0 Long Blades
 * Level 2.1 Dodging
 + Level 7.6 Stealth


You had 2 spell levels left.
You didn't know any spells.
Your spell library was empty.

Dungeon Overview and Level Annotations

Branches:
Dungeon (5/15)
 Temple: D:4-7

Altars:
Ru


Innate Abilities, Weirdness & Mutations

You cannot wear most types of armour.
You are amphibious.
You can wear up to eight rings at the same time.
Your skin changes colour to match your surroundings (Stealth+).
Your rubbery body absorbs attacks. (AC +1, EV +1)
((You are camouflaged when in or above water. (Stealth+)))
You have tentacles for arms and can constrict up to eight enemies at once.


Message History

The hound attacks as it pursues you! The hound bites you but does no damage.
Okay, then.
The hound attacks as it pursues you! The hound bites you.
The hound barely misses you.
You hit the hound. You grab the hound.
You squeeze the hound, but do no damage.
The hound is lightly wounded.
You constrict the hound, but do no damage.
The hound bites you.
As you read the scroll of fear, it crumbles to dust.
You assume a fearsome visage.
The hound looks frightened!
The orc looks frightened!
The iguana looks frightened!
You constrict the hound.
Cornered, the hound turns to fight!
An orc comes into view. It is wielding a +0 club.
You hit the hound.
The hound is heavily wounded.
You constrict the hound. The hound barely misses you. The hound misses you.
You barely miss the hound. You squeeze the hound!
You kill the hound!
A jelly comes into view.
Your Stealth skill increases to level 7!
You have reached level 2!
You have reached level 3!
Your experience leads to an increase in your attributes!
Increase (S)trength, (I)ntelligence, or (D)exterity?
You feel clever. x2
An adder comes into view.
The sentinel's mark upon you fades away.
Found a silver wand.
An orc comes into view. It is wielding a +0 dagger.
A jelly comes into view.
The jelly jiggles.
The jelly misses you. The jelly attacks as it pursues you! The jelly hits you.
The acid corrodes you!
You are splashed with acid!
* * * LOW HITPOINT WARNING * * *
You feel yourself speed up. The jelly hits you.
* * * LOW HITPOINT WARNING * * *
You are splashed with acid!
You die...

##### #.#.# #...#
*****############ #.#.#
,,,,,....o...../# #.#.#
,*****##....o##.#############.#.#
,* #.###.##.oJ.J.S..........# ,*
*,* #S################.### ,* *,*
#..oJ@..#,,,,,,,,#.# ,*******,*
#######.#,******,#o# ,*,,,,**,*
*,,,,,..,<,,,*,#†#
,*,**,**,*****,***,*.#,,,,,,#J#
,*,,,,,,,**,,,,* *,*,#.#.####S##
,*,,,,,,,**,,,,* *,*,.?........#
,*,,,,,,,**,,,,* #,#,#.#.####.)#
,*,,,,,,,**,,,,**#.#.*,*,,,,#.l#
,,,,,,,,,,,,,,,,,.....>,,,,,#..#


You could see a jelly, an adder and an orc.

Vanquished Creatures
  A hound (D:5)
1 creature vanquished.

Notes
Turn   | Place    | Note
-------+----------+-------------------------------------------
     0 | D:5      | Esekla the Octopode Delver began the quest for the Orb.
     0 | D:5      | Reached XP level 1. HP: 16/16 MP: 1/1
    23 | D:5      | Found a sacrificial altar of Ru.
    32 | D:5      | Noticed a hound
    36 | D:5      | Noticed a hound
    38 | D:5      | Noticed a bombardier beetle
    42 | D:5      | Noticed an iguana
    51 | D:5      | Killed a hound
    51 | D:5      | Noticed a jelly
    52 | D:5      | Reached skill level 7 in Stealth
    52 | D:5      | Reached XP level 2. HP: 9/21 MP: 2/2
    52 | D:5      | Reached XP level 3. HP: 12/26 MP: 3/3
    79 | D:5      | Splashed by a jelly's acid

Illustrated notes

Levels and vault maps discovered:
D:5:      layout_basic, slow_altar_1, lemuel_tele_altar

Skill      XL: |  1 |
---------------+----+-----
Stealth        | 7 |  7.6
Fighting       | |  3.2
Long Blades    | |  2.0
Dodging        | |  2.1

Action                     || total
---------------------------++-------
  Melee: Falchion          ||     3
         Tentacles         ||     2
         Constrict         ||     1
    Use: Scroll            ||     2
         Potion            ||     1
 Armour: Skin              ||     5
  Dodge: Dodged            ||     4

Table legend: (Time is in decaauts)
 A = Elapsed time spent in this place.
 B = Non-inter-level travel time spent in this place.
 C = Inter-level travel time spent in this place.
 D = Time resting spent in this place.
 E = Time spent auto-exploring this place.
 F = Levels seen in this place.
 G = Mean time per level.
                   A        B        C        D        E       F      G
               +--------+--------+--------+--------+--------+-----+--------+
         Total |     79 |     79 |      0 |      0 |      0 |   1 |   79.0 |
       Dungeon |     79 |     79 |      0 |      0 |      0 |   1 |   79.0 |
               +--------+--------+--------+--------+--------+-----+--------+

Top non-repeatable levels by time:
     D:5: 79 daAuts
